 Dungeon Crawl Stone Soup version 0.22.1-6-g1668fe2c40 (webtiles) character file.

136 MelsaHvarei the Poker (level 5, 0/38 HPs)
             Began as a Merfolk Skald on Jan 28, 2019.
             Slain by a phantom (7 damage)
             ... on level 3 of the Dungeon.
             The game lasted 00:05:40 (3618 turns).

MelsaHvarei the Poker (Merfolk Skald)               Turns: 3618, Time: 00:05:41

Health: 0/38       AC:  4    Str: 14    XL:     5   Next: 19%
Magic:  8/8        EV: 12    Int: 12    God:
Gold:   113        SH:  0    Dex: 14    Spells: 3/8 levels left

rFire    . . .     SeeInvis .   a - +1 spear
rCold    . . .     Gourm    .   (no shield)
rNeg     . . .     Faith    .   b - +0 leather armour
rPois    .         Spirit   .   (no helmet)
rElec    .         Reflect  .   (no cloak)
rCorr    .         Harm     .   (no gloves)
MR       .....                  h - +0 pair of boots
Stlth    +.........             (no amulet)
HPRegen  0.12/turn              g - ring of wizardry
MPRegen  0.11/turn              k - +2 ring of strength

@: no status effects
A: change form in water, swift swim, stealthy swim
a: no special abilities


You were on level 3 of the Dungeon.
You were not hungry.

You visited 1 branch of the dungeon, and saw 4 of its levels.

You collected 113 gold pieces.

Inventory:

Hand Weapons
 a - a +1 spear (weapon)
Armour
 b - a +0 leather armour (worn)
 h - a +0 pair of boots (worn)
Jewellery
 g - a ring of wizardry (left hand)
 k - a +2 ring of strength (right hand)
Scrolls
 c - 4 scrolls of amnesia
 i - 2 scrolls of remove curse
 m - a scroll of identify {unknown}
 p - a scroll of blinking {unknown}
Potions
 e - a potion of degeneration {unknown}
 f - a potion of mutation {unknown}
 j - a potion of flight
 l - 2 potions of heal wounds {unknown}
 n - a potion of ambrosia {unknown}
 o - a potion of brilliance {unknown}
Comestibles
 d - 2 rations


   Skills:
 - Level 2.1 Fighting
 + Level 5.7 Polearms
 - Level 0.6 Armour
 - Level 2.6 Dodging
 - Level 2.0 Spellcasting
 + Level 5.0 Charms


You had 3 spell levels left.
You knew the following spells:

 Your Spells              Type           Power        Failure   Level  Hunger
a - Infusion              Chrm           ##..         1%          1    ##.....
b - Shroud of Golubria    Chrm/Tloc      #.........   8%          2    ###....
c - Song of Slaying       Chrm           ##......     2%          2    ###....

Your spell library contained the following spells:

 Spells                   Type           Power        Failure   Level  Hunger
 Regeneration             Chrm/Necr      #.........   16%         3    ####...
 Spectral Weapon          Hex/Chrm       #.......     16%         3    ####...


Dungeon Overview and Level Annotations

Branches:
Dungeon (4/15)
 Temple: D:4-7

Altars:


Message History

The phantom hits you.
There is a stone staircase leading up, spattered with blood here.
The orc closely misses you. The hound barely misses you.
The phantom hits you but does no damage.
You climb upwards.
There is a stone staircase leading down here.
You hit the hound.
The hound is lightly wounded.
The hound bites you. The orc misses you. The orc hits you with a morningstar!
The hound bites you.
You barely miss the hound.
The hound is lightly wounded.
The phantom closely misses you. The hound bites you but does no damage.
The orc hits you but does no damage. The orc barely misses you.
You hit the hound.
The hound is moderately wounded.
The hound bites you.
* * * LOW HITPOINT WARNING * * *
The phantom hits you!
You die...

........
......###
........#
.......
......
#...#####
#ho......
#@o..#
##W#.# .#
.# .. .#
.# .#


You could see a phantom, a hound and 2 orcs.

Vanquished Creatures
  6 adders (D:2)
  5 gnolls (D:2)
  A worm (D:2)
  A leopard gecko (D:1)
  4 bats
  2 giant cockroaches (D:2)
  7 jackals
  3 kobolds
  A ball python (D:2)
  3 frilled lizards
  4 rats
37 creatures vanquished.

Notes
Turn   | Place    | Note
-------+----------+-------------------------------------------
     0 | D:1      | MelsaHvarei the Merfolk Skald began the quest for the Orb.
     0 | D:1      | Reached XP level 1. HP: 16/16 MP: 3/3
   172 | D:1      | Reached XP level 2. HP: 18/22 MP: 0/5
   311 | D:1      | Learned a level 2 spell: Shroud of Golubria
   633 | D:1      | Learned a level 2 spell: Song of Slaying
  1458 | D:2      | Reached XP level 3. HP: 17/27 MP: 6/6
  2170 | D:2      | Reached XP level 4. HP: 32/33 MP: 0/7
  2449 | D:2      | Reached skill level 5 in Polearms
  3325 | D:2      | Reached XP level 5. HP: 27/38 MP: 0/8
  3339 | D:2      | Reached skill level 5 in Charms
  3608 | D:2      | You fall through a shaft for 2 floors!
  3609 | D:4      | Noticed a phantom
  3618 | D:3      | Slain by a phantom

Skill      XL: |  1  2  3  4  5 |
---------------+----------------+-----
Polearms       | 4 5 |  5.7
Charms         | 4 5 |  5.0
Fighting       | |  2.1
Armour         | |  0.6
Dodging        | |  2.6
Spellcasting   | |  2.0

Action                   |  1- 3 |  4- 6 || total
-------------------------+-------+-------++-------
Melee: Spear             |    90 |   106 ||   196
 Cast: Infusion          |     4 |     2 ||     6
       Shroud of Golubri |     2 |     2 ||     4
       Song of Slaying   |       |     2 ||     2
  Use: Scroll            |     2 |     2 ||     4
       Potion            |       |     1 ||     1
  Eat: Chunk             |     1 |     1 ||     2
       Ration            |     1 |     1 ||     2
Armor: Leather armour    |    21 |    24 ||    45
Dodge: Dodged            |    58 |    69 ||   127
